 Dungeon Crawl Stone Soup version 0.25-b1-41-g19641232cd (webtiles) character file.

Game seed: 16709399645098102727

165 grindst0ne the Stinger (level 5, 0/42 HPs)
             Began as a Naga Venom Mage on June 8, 2020.
             Slain by a mummy (13 damage)
             ... in an ossuary.
             The game lasted 00:11:05 (4069 turns).

grindst0ne the Stinger (Naga Venom Mage)            Turns: 4069, Time: 00:11:06

Health: 0/42       AC:  4    Str: 10    XL:     5   Next: 46%
Magic:  9/9        EV: 10    Int: 22    God:
Gold:   211        SH:  0    Dex: 12    Spells: 4/10 levels left

rFire    . . .     SeeInvis +   (no weapon)
rCold    . . .     Gourm    .   (no shield)
rNeg     . . .     Faith    .   a - +1 robe
rPois    +         Spirit   .   (no helmet)
rElec    .         Reflect  .   e - +0 cloak
rCorr    .         Harm     .   (no gloves)
MR       .....                  (no barding)
Stlth    ++++......             g - amulet of the acrobat
HPRegen  0.14/turn              j - +6 ring of intelligence
MPRegen  0.11/turn              (no ring)

@: stab, very slow
A: large, camouflage 1, see invisible, deformed body, mutation resistance 1,
poison resistance, slowness 2, slow metabolism 1, spit poison 1, AC +1
a: Spit Poison


You were in an ossuary.
You were hungry.

You visited 1 branch of the dungeon, and saw 4 of its levels.
You also visited: Ossuary.

You collected 211 gold pieces.

Inventory:

Missiles
 p - 7 poisoned darts (quivered)
Armour
 a - a +1 robe (worn)
 e - a +0 cloak (worn)
Jewellery
 g - an amulet of the acrobat (around neck)
 j - a +6 ring of intelligence (left hand)
Wands
 k - a wand of digging (6)
Scrolls
 l - 2 scrolls of teleportation
Potions
 b - 2 potions of flight
 f - 2 potions of curing
 n - a potion of magic
Comestibles
 c - 7 rations


   Skills:
 - Level 1.5 Dodging
 + Level 4.9 Stealth
 + Level 3.0 Spellcasting
 - Level 1.0 Transmutations
 + Level 1.3 Fire Magic
 + Level 1.5 Air Magic
 + Level 5.2 Poison Magic


You had 4 spell levels left.
You knew the following spells:

 Your Spells              Type           Power        Failure   Level  Hunger
a - Sting                 Tmut/Pois      ###.         3%          1    None
b - Poisonous Vapours     Pois/Air       ###...       4%          2    ##.....
c - Ignite Poison         Fire/Tmut/Pois ##......     13%         3    ###....

Your spell library contained the following spells:

 Spells                   Type           Power        Failure   Level  Hunger
 Mephitic Cloud           Conj/Pois/Air  ##......     14%         3    ###....
 Olgreb's Toxic Radiance  Pois           ####....     14%         4    ####...


Dungeon Overview and Level Annotations

Branches:
Dungeon (4/15)            Ossuary (1/1)
 Temple: D:4-7

Altars:
Trog
Uskayaw
Yredelemnul


Innate Abilities, Weirdness & Mutations

You cannot wear boots.
Your serpentine skin is tough. (AC +1)
You have supernaturally acute eyesight. (SInv)
Armour fits poorly on your strangely shaped body.
Your system is resistant to poisons. (rPois)
You cover ground very slowly.
You have a slow metabolism.
You can spit poison.
Your skin changes colour to match your surroundings (Stealth+).
You are somewhat resistant to further mutation.


Message History

You feel much better. The mummy closely misses you.
Press: ? - help, Shift-Dir - straight line, f/p - mummy
Aim: a mummy (moderately damaged)
The splash of poison hits the mummy.
The mummy completely resists.
The mummy is moderately damaged.
You feel slightly more hungry.
You are feeling hungry.
Evoke which item? (* to show all) (? for menu, Esc to quit)
Okay, then.
There is an open gate here.
You have got your breath back.
You barely miss the mummy.
The mummy is moderately damaged.
You hit the mummy but do no damage.
The mummy is moderately damaged.
The mummy hits you.
You hit the mummy.
The mummy is moderately damaged.
The mummy hits you!
You die...

#+++# #...#
+...+ #...#
#...# #...#
#.@.# #.M.#
#...# #...#
##'''##
##.....##
####.......####
#W▓...(.∩...▓W#
####.......####


You could see a mummy.

Vanquished Creatures
  An orc priest (D:4)
  Terence (D:3)
  A hound skeleton (D:4)
  3 adders
  An ooze (D:3)
  2 dart slugs
  4 orcs (D:4)
  2 giant cockroaches (D:1)
  6 hobgoblins
  6 jackals (D:2)
  5 bats
  3 frilled lizards
  3 gnoll skeletons (Ossuary)
  7 goblins
  6 kobolds
  2 kobold skeletons (Ossuary)
  4 orc skeletons (Ossuary)
  4 rats
61 creatures vanquished.

Notes
Turn   | Place    | Note
-------+----------+-------------------------------------------
     0 | D:1      | grindst0ne the Naga Venom Mage began the quest for the Orb.
     0 | D:1      | Reached XP level 1. HP: 15/15 MP: 3/3
   426 | D:1      | Reached XP level 2. HP: 22/22 MP: 3/5
   461 | D:1      | Learned a level 2 spell: Poisonous Vapours
  1442 | D:2      | Reached XP level 3. HP: 28/28 MP: 4/6
  1471 | D:2      | Found a bloodstained altar of Trog.
  1542 | D:2      | Learned a level 3 spell: Ignite Poison
  1990 | D:2      | Found a basalt altar of Yredelemnul.
  2292 | D:3      | Reached XP level 4. HP: 14/36 MP: 5/8
  2855 | D:3      | Found a hide-covered altar of Uskayaw.
  3205 | D:3      | Noticed Terence
  3223 | D:3      | Killed Terence
  3223 | D:3      | Reached skill level 1 in Fire Magic
  3223 | D:3      | Reached skill level 1 in Air Magic
  3223 | D:3      | Reached skill level 5 in Poison Magic
  3363 | D:4      | Reached XP level 5. HP: 25/42 MP: 2/9
  3675 | D:4      | Found a sand-covered staircase.
  3684 | Ossuary  | Entered an ossuary
  3684 | Ossuary  | Noticed a wraith
  3684 | Ossuary  | Noticed a wraith
  3684 | Ossuary  | Noticed a wraith
  4035 | Ossuary  | Gained mutation: Your skin changes colour to match your
                  | surroundings (Stealth+). [potion of mutation]
  4035 | Ossuary  | Gained mutation: You are somewhat resistant to further
                  | mutation. [potion of mutation]
  4057 | Ossuary  | HP: 2/42 [mummy (14)]
  4069 | Ossuary  | Slain by a mummy

Illustrated notes

Levels and vault maps discovered:
D:1:      zaba_arrival_water, layout_loops_cross,
          hangedman_decor_clover_reticule
D:2:      layout_loops_ring, lemuel_round_altar, bloody_trog, glass_columns_b
D:3:      layout_basic, marbit_many_paths, first_ration, serial_curves,
          eino_curves_04, eino_curves_04, eino_curves_02, uniq_terence
D:4:      kennysheep_goblin_castle, layout_basic, chequers_ossuary_entry_cave,
          xom_redecorated
Ossuary:  ossuary_due_mausoleum

Skill      XL: |  1  2  3  4 |
---------------+-------------+-----
Stealth        | 4 |  4.9
Fire Magic     | 1 |  1.3
Air Magic      | 1 |  1.5
Poison Magic   | 5 |  5.2
Spellcasting   | 3 |  3.0
Dodging        | |  1.5
Transmutations | |  1.0

Action                   |  1- 3 |  4- 6 || total
-------------------------+-------+-------++-------
Melee: Unarmed           |    50 |   111 ||   161
       Quarterstaff      |     6 |       ||     6
Throw: Dart              |       |     5 ||     5
 Cast: Sting             |    46 |    21 ||    67
       Poisonous Vapours |       |     5 ||     5
 Abil: Spit Poison       |     5 |     8 ||    13
  Use: Scroll            |     5 |     3 ||     8
       Potion            |       |    10 ||    10
 Stab: Sleeping          |     1 |       ||     1
  Eat: Chunk             |     4 |     1 ||     5
       Ration            |       |     1 ||     1
Armor: Robe              |    21 |    22 ||    43
Dodge: Dodged            |    64 |    80 ||   144
